 Dungeon Crawl Stone Soup version 0.28-a0-823-gb444dcf96d (webtiles) character file.

Game seed: 9134976081275172383

53 emperorscorpion the Skirmisher (level 4, -1/37 HPs)
             Began as a Djinni Berserker on Nov 9, 2021.
             Was a Believer of Trog.
             Killed from afar by Sigmund (7 damage)
             ... with a magic dart
             ... on level 2 of the Dungeon.
             The game lasted 00:03:02 (1104 turns).

emperorscorpion the Skirmisher (Djinni Berserker)   Turns: 1104, Time: 00:03:03

Health: -1/37      AC:  5    Str: 16    XL:     4   Next: 10%
Gold:   84         EV: 11    Int:  9    God:    Trog [**....] SH:  0 Dex: 13

rFire   + + .      SeeInvis .   a - +0 hand axe
rCold   x . .      Faith    .   (no shield)
rNeg    . . .      Spirit   .   c - +0 ring mail
rPois   ∞          Reflect  .   (no helmet)
rElec   .          Harm     .   (no cloak)
rCorr   .          Rampage  .   (no gloves)
Will    .....                   (boots unavailable)
Stlth   +.........              (no amulet)
HPRegen 0.12/turn               (no ring)
MPRegen 0.00/turn               (no ring)

@: on berserk cooldown, flying, slowed, very slow
A: sickness immunity, fire resistance 2, cold vulnerability 1, float, innate
caster, hp casting, extra vitality 1
a: Renounce Religion, Berserk, Trog's Hand


You were on level 2 of the Dungeon.
You worshipped Trog.
Trog was pleased with you.
You visited 1 branch of the dungeon, and saw 2 of its levels.

You collected 84 gold pieces.

Inventory:

Hand Weapons
 a - a +0 hand axe (weapon)
 g - a +0 flail
Armour
 b - a +0 animal skin
 c - a +0 ring mail (worn)
Scrolls
 d - a scroll of enchant weapon {unknown}
 f - a scroll of fear {unknown}


   Skills:
 + Level 3.6 Fighting
 + Level 3.0 Axes
 + Level 2.5 Armour
 + Level 2.4 Dodging


You had 2 spell levels left.
You knew the following spells:

 Your Spells              Type           Power      Damage    Failure   Level
a - Animate Skeleton      Necr           0%         N/A       58%         1
Your spell library was empty.

Dungeon Overview and Level Annotations

Branches:
Dungeon (2/15)

Altars:

Annotations:
D:2 Sigmund


Innate Abilities, Weirdness & Mutations

You are immune to sickness and miasma.
You are immune to poison.
Your flesh is very heat resistant. (rF++)
You are vulnerable to cold. (rC-)
You float through the air rather than walking.
You learn spells naturally, not from books.
Your magical power is your life essence.
You have superior vitality. (+4 HP)


Message History

Sigmund hits you with a +0 scythe!
You aren't carrying any items that you can evoke.
Okay, then.
You closely miss Sigmund.
Sigmund is moderately wounded.
Sigmund closely misses you.
You hit Sigmund.
Sigmund is heavily wounded.
Sigmund casts a spell at you. The magic dart hits you. Sigmund misses you.
You closely miss Sigmund.
Sigmund is heavily wounded.
Sigmund closely misses you.
You hit Sigmund.
Sigmund is heavily wounded.
You feel the effects of Trog's Hand fading.
Sigmund barely misses you.
You barely miss Sigmund.
Sigmund is heavily wounded.
Sigmund hits you with a +0 scythe!
You barely miss Sigmund.
Sigmund is heavily wounded.
Sigmund hits you with a +0 scythe.
You barely miss Sigmund.
Sigmund is heavily wounded.
Your skin stops crawling.
You feel less strong-willed. Sigmund closely misses you.
You hit Sigmund.
Sigmund is heavily wounded.
Sigmund hits you but does no damage.
You slash Sigmund!
Sigmund is severely wounded.
Sigmund hits you with a +0 scythe!
* * * LOW HITPOINT WARNING * * *
You closely miss Sigmund.
Sigmund is severely wounded.
Sigmund barely misses you.
Sigmund points at you and mumbles some strange words.
The magic dart hits you!
You die...

### #### #.. ..# ##### #.#
#.# ##...## #.####.###
##.....##
##.##.....######.......###
#.......#.@@.............#
#..##.†.########.........#
#.......# ##........#
#.##.†.## ##...##.##
#.##.#.# ########......#
######.##.#.#
#.....##.######
...{........# #.....##.#
#########....# #<....##.#
####.# #.....##.#


You could see Sigmund.

Vanquished Creatures
  An adder (D:2)
  A worm (D:2)
  2 dart slugs (D:1)
  4 ball pythons
  6 bats
  2 endoplasms (D:1)
  2 giant cockroaches (D:1)
  2 goblins
  3 hobgoblins
  2 quokkas (D:1)
  A frilled lizard (D:1)
  4 kobolds (D:1)
  5 rats
35 creatures vanquished.

Notes
Turn   | Place    | Note
-------+----------+-------------------------------------------
     0 | D:1      | emperorscorpion the Djinni Berserker began the quest for
                  | the Orb.
     0 | D:1      | Reached XP level 1. HP: 20/20 MP: 0/0
    64 | D:1      | Reached XP level 2. HP: 25/25 MP: 0/0
   434 | D:1      | Reached XP level 3. HP: 28/30 MP: 0/0
   434 | D:1      | Learned a level 1 spell: Animate Skeleton
   809 | D:1      | Reached ** piety under Trog
  1021 | D:2      | Reached XP level 4. HP: 37/37 MP: 0/0
  1045 | D:2      | Noticed Sigmund
  1104 | D:2      | Killed from afar by Sigmund

Illustrated notes

Levels and vault maps discovered:
D:1:      scummos_arrival_simple_crosswalls, layout_loops_cross, hex_medium
D:2:      minmay_spotlight, layout_loops_cross, uniq_sigmund

Skill      XL: |  1  2  3  4 |
---------------+-------------+-----
Axes           | 3 |  3.0
Fighting       | |  3.6
Armour         | |  2.5
Dodging        | |  2.4

Action                   |  1- 3 |  4- 6 || total
-------------------------+-------+-------++-------
Melee: Hand axe          |    90 |    23 ||   113
Invok: Berserk           |     4 |     1 ||     5
       Trog's Hand       |       |     1 ||     1
  Use: Potion            |       |     1 ||     1
Armor: Animal skin       |     2 |       ||     2
       Ring mail         |    46 |     4 ||    50
Dodge: Dodged            |    77 |    10 ||    87

Table legend: (Time is in decaauts)
 A = Elapsed time spent in this place.
 B = Non-inter-level travel time spent in this place.
 C = Inter-level travel time spent in this place.
 D = Time resting spent in this place.
 E = Time spent auto-exploring this place.
 F = Levels seen in this place.
 G = Mean time per level.
                   A        B        C        D        E       F      G
               +--------+--------+--------+--------+--------+-----+--------+
         Total |   1165 |   1147 |     18 |      0 |    714 |   2 |  582.5 |
       Dungeon |   1165 |   1147 |     18 |      0 |    714 |   2 |  582.5 |
               +--------+--------+--------+--------+--------+-----+--------+

Top non-repeatable levels by time:
     D:1: 964 daAuts
     D:2: 201 daAuts
